 Dungeon Crawl Stone Soup version 0.19.1 (webtiles) character file.

77 Firecrotchwizard the Shooter (level 4, -1/31 HPs)
             Began as a High Elf Hunter on Dec 7, 2016.
             Slain by Firecrotchwizard's ghost (7 damage)
             ... on level 3 of the Dungeon.
             The game lasted 00:04:57 (1785 turns).

Firecrotchwizard the Shooter (High Elf Hunter)      Turns: 1785, Time: 00:04:57

Health: -1/31      AC:  5    Str: 11    XL:     4   Next: 14%
Magic:  5/5        EV: 13    Int: 14    God:
Gold:   112        SH:  0    Dex: 17    Spells: 0 memorised, 3 levels left

rFire  . . .     SeeInvis .     t - +2 dagger (venom)
rCold  . . .     Gourm    .     c - +0 leather armour
rNeg   . . .     Faith    .     (no shield)
rPois  .         Spirit   .     (no helmet)
rElec  .         Reflect  .     o - +0 cloak
rCorr  .         Harm     .     h - +0 pair of gloves
MR     .....                    (no boots)
Stlth  ++........               (no amulet)
                                (no ring)
                                (no ring)

@: no status effects
A: no striking features
a: no special abilities


You were on level 3 of the Dungeon.
You were not hungry.

You visited 1 branch of the dungeon, and saw 3 of its levels.

You collected 112 gold pieces.

Inventory:

Hand Weapons
 a - a +1 shortbow
 b - a +0 short sword
 t - a +2 dagger of venom (weapon)
Armour
 c - a +0 leather armour (worn)
 h - a +0 pair of gloves (worn)
 o - a +0 cloak (worn)
Scrolls
 e - 2 scrolls of recharging {unknown}
 i - 3 scrolls of enchant armour {unknown}
 j - a scroll of fog {unknown}
 l - a scroll of blinking {unknown}
 m - 4 scrolls of identify {unknown}
 n - a scroll of teleportation {unknown}
 q - a scroll of enchant weapon {unknown}
 r - 2 scrolls of amnesia {unknown}
 u - a scroll of remove curse {unknown}
Potions
 k - a potion of haste {unknown}
 p - 2 potions of agility {unknown}
 s - a potion of resistance {unknown}
 v - a potion of curing {unknown}
Comestibles
 f - 4 bread rations
 g - a meat ration


   Skills:
 * Level 3.1 Fighting
 * Level 5.8 Bows
 + Level 2.9 Dodging
 + Level 2.4 Stealth


You had 3 spell levels left.
You didn't know any spells.

Dungeon Overview and Level Annotations

Branches:
Dungeon (3/15)

Altars:

Annotations:
D:3 Firecrotchwizard's ghost, weakling HOFi


Message History

You hit Firecrotchwizard's ghost.
Firecrotchwizard's ghost is moderately damaged.
Firecrotchwizard's ghost hits you.
Your leather armour prevents you from hitting Firecrotchwizard's ghost.
Firecrotchwizard's ghost is moderately damaged.
Firecrotchwizard's ghost closely misses you.
You barely miss Firecrotchwizard's ghost.
Firecrotchwizard's ghost is moderately damaged.
Firecrotchwizard's ghost hits you!
You hit Firecrotchwizard's ghost.
Firecrotchwizard's ghost is moderately damaged.
Firecrotchwizard's ghost closely misses you.
You barely miss Firecrotchwizard's ghost.
Firecrotchwizard's ghost is moderately damaged.
Firecrotchwizard's ghost hits you!
* * * LOW HITPOINT WARNING * * *
You hit Firecrotchwizard's ghost but do no damage.
Firecrotchwizard's ghost is moderately damaged.
Firecrotchwizard's ghost hits you!
You die...

# ## #. ... ?.
....
.###(######.....
......(.........
(...((†<@?......
.###..)W........
#........#.#.
#...(.......
......(...#...
.......(.......
.....)....#####.
(###......(


You could see Firecrotchwizard's ghost.

Vanquished Creatures
  4 adders
  An ooze (D:2)
  A worm (D:2)
  A dart slug (D:1)
  2 leopard geckos (D:2)
  A ball python (D:2)
  A giant cockroach (D:2)
  3 goblins (D:2)
  3 hobgoblins
  2 jackals (D:1)
  3 bats
  3 frilled lizards (D:2)
  A kobold (D:2)
  7 rats
33 creatures vanquished.

Notes
Turn   | Place    | Note
-------+----------+-------------------------------------------
     0 | D:1      | Firecrotchwizard the High Elf Hunter began the quest for the Orb.
     0 | D:1      | Reached XP level 1. HP: 14/14 MP: 2/2
   434 | D:1      | Reached XP level 2. HP: 19/19 MP: 3/3
   678 | D:2      | Reached XP level 3. HP: 13/25 MP: 4/4
  1649 | D:3      | Reached XP level 4. HP: 22/31 MP: 5/5
  1769 | D:3      | Noticed Firecrotchwizard's ghost (weakling HOFi)
  1785 | D:3      | Slain by Firecrotchwizard's ghost

Skill      XL: |  1  2  3 |
---------------+----------+-----
Stealth        | 2 |  2.4
Fighting       | 3 |  3.1
Bows           | |  5.8
Dodging        | |  2.9

Action                   |  1- 3 |  4- 6 || total
-------------------------+-------+-------++-------
Melee: Short sword       |    44 |       ||    44
       Dagger            |     1 |    12 ||    13
 Fire: Shortbow          |    59 |     6 ||    65
  Eat: Meat ration       |     1 |       ||     1
       Chunk             |     1 |       ||     1
Armor: Leather armour    |    26 |     4 ||    30
Dodge: Dodged            |    52 |     9 ||    61
